AoeStats
← supermaso8970

Arabia

510402129Analyzed
2v2 RM · 2d ago on Sep 30, 2026· 29m 28s· 4 players
Game mode
Random Map
Map size
Medium (4 player)
Population
200
Speed
Normal
Resources
Standard
Victory
Conquest
Starting age
Dark Age
Ending age
Imperial Age
RankedLock teamsTeams togetherTeam positionsShared explorationLock speedFull tech treeHidden civsTurbo modeCheats
Victory
Defeat
🇨🇿 Franks · Czechia
798
+18
🇨🇿 Bohemians · Czechia
768
+18
🇩🇪 Sicilians · Germany
833
-18
🇩🇪 Britons · Germany
829
-18
supermaso8970
7:32 Loom
9:44 Feudal Age
10:48 Double-Bit Axe
19:20 Castle Age
19:32 Gold Mining
20:49 Forging
20:44 Scale Barding Armor
26:18 Iron Casting
Kevin Flynn
13:39 Feudal Age
16:27 Horse Collar
17:45 Padded Archer Armor
17:36 Fletching
21:36 Man-at-Arms
26:31 Castle Age
27:07 Crossbowman
27:08 Elite Skirmisher
27:12 Pikeman
dribblertimi
3:11 Loom
14:47 Feudal Age
15:27 Horse Collar
15:45 Double-Bit Axe
19:10 Scale Mail Armor
19:19 Gold Mining
20:07 Forging
24:06 Wheelbarrow
23:26 Stone Mining
27:57 Castle Age
28:36 Squires
28:52 Pikeman
Just4Fun
12:30 Feudal Age
13:15 Double-Bit Axe
13:13 Horse Collar
26:07 Castle Age
Connection lost

Rejoining the realm…

Still unreachable

The connection could not be restored.

Session expired

The server has moved on; the page needs a fresh start.